 Dungeon Crawl Stone Soup version 0.32-a0-898-g7811c86cf0 (webtiles) character file.

Game seed: 12242024488385189343

2609 Biggs the Skirmisher (level 9, -9/68 HPs)
             Began as a Coglin Hunter on Apr 4, 2024.
             Was a Follower of Okawaru.
             Mangled by a gnoll sergeant
             ... wielding a +0 spear
              (11 damage)
             ... on level 8 of the Dungeon.
             The game lasted 00:08:04 (5945 turns).

Biggs the Skirmisher (Coglin Hunter)                Turns: 5945, Time: 00:08:05

Health: -9/68      AC:  5    Str: 12    XL:     9   Next: 59%
Magic:  9/9        EV: 16    Int:  8    God:    Okawaru [*.....]
Gold:   266        SH:  0    Dex: 22    Spells: 8/8 levels left

rFire   . . .        a - +2 sling {Hans}
rCold   . . .        d - +0 sling {Mishil}
rNeg    . . .        c - +0 leather armour
rPois   .            (no helmet)
rElec   .            x - +0 cloak
rCorr   .            s - +0 pair of gloves
SInv    .            (no boots)
Will    .....        (amulet unavailable)
Stlth   ++           (ring unavailable)
HPRegen 0.31/turn    (ring unavailable)
MPRegen 0.11/turn    (no gizmo)

%: no passive effects
@: no status effects
A: off-hand wielding, slow wielding, warmup strikes, no jewellery
a: Invent Gizmo, Renounce Religion, Heroism


You were on level 8 of the Dungeon.
You worshipped Okawaru.
Okawaru was aware of your devotion.
You visited 2 branches of the dungeon, and saw 9 of its levels.

You collected 338 gold pieces.
You spent 72 gold pieces at shops.

Inventory:

Hand Weapons
 a - a +2 sling (weapon) {Hans}
 d - a +0 sling (offhand) {Mishil}
Armour
 c - a +0 leather armour (worn)
 s - a +0 pair of gloves (worn)
 x - a +0 cloak (worn)
 E - +0 steam dragon scales
Wands
 B - a wand of paralysis (9)
Scrolls
 f - a scroll of silence {unknown}
 h - 4 scrolls of fear {unknown}
 i - a scroll of summoning {unknown}
 j - 3 scrolls of identify {unknown}
 k - a scroll of brand weapon {unknown}
 l - 2 scrolls of vulnerability {unknown}
 n - 5 scrolls of teleportation {unknown}
 p - 2 scrolls of noise {unknown}
 u - a scroll of torment {unknown}
 w - a scroll of acquirement {unknown}
 y - a scroll of fog {unknown}
 z - a scroll of immolation {unknown}
 D - 2 scrolls of poison {unknown}
Potions
 b - a potion of resistance {unknown}
 e - 8 potions of curing
 g - a potion of ambrosia {unknown}
 m - 2 potions of cancellation {unknown}
 o - 5 potions of lignification {unknown}
 q - 2 potions of heal wounds {unknown}
 r - 4 potions of attraction {unknown}
 t - a potion of berserk rage {unknown}
 v - a potion of brilliance {unknown}
 A - a potion of mutation {unknown}
 C - a potion of invisibility {unknown}


   Skills:
 - Level 5.0 Fighting
 - Level 9.0 Ranged Weapons
 + Level 7.5 Dodging
 - Level 0.7 Stealth


You had 8 spell levels left.
You didn't know any spells.
Your spell library contained the following spells:

 Spells                   Type           Power      Damage    Failure   Level
 Sting                    Conj/Alch      0%         1d3       50%         1
 Mercury Vapours          Alch/Air       0%         N/A       63%         2
 Static Discharge         Conj/Air       0%         3-3/arc   63%         2
 Inner Flame              Hex/Fire       0%         N/A       86%         3
 Volatile Blastmotes      Fire/Tloc      0%         2d10      86%         3
 Airstrike                Air            0%         2d(0-16)  99%         4
 Fulminant Prism          Conj/Alch      0%         3d5       99%         4
 Iskenderun's Mystic Bla Conj/Tloc 0%             2d3        (+2d1     99%         4
 Olgreb's Toxic Radiance  Alch           0%         N/A       99%         4
 Irradiate                Conj/Alch      0%         3d11      100%        5
 Ignition                 Fire           0%         3d3       100%        8
 Summon Lightning Spire   Summ/Air       Unusable   N/A       N/A         4

Dungeon Overview and Level Annotations

Branches:
Dungeon (8/15)             Temple (1/1) D:6
   Lair: D:8-11

Altars:
Ashenzari
Cheibriados
Dithmenos
Fedhas
Gozag
Kikubaaqudgha
Makhleb
Nemelex Xobeh
Okawaru
Ru
Sif Muna
Trog
Uskayaw
Vehumet
Wu Jian
Xom
Zin
The Shining One

Shops:
D:3 !


Innate Abilities, Weirdness & Mutations

You can wield a second weapon in your off-hand.
It takes a long time for you to wield or remove held weapons.
Your first few attacks do less damage.
You cannot equip rings or amulets.


Message History

The gnoll sergeant blocks the sling bullet.
You shoot a sling bullet.
The sling bullet hits the gnoll sergeant.
The gnoll sergeant is lightly wounded.
The gnoll sergeant hits you from afar with a +0 spear!
The gnoll barely misses you. The gnoll misses you.
You are too injured to fight recklessly!
Unknown command.
You are too injured to fight recklessly!
You are too injured to fight recklessly!
Unknown command.
You are too injured to fight recklessly!
Unknown command.
Unknown command.
You are too injured to fight recklessly!
The gnoll sergeant attacks as it pursues you!
The gnoll sergeant closely misses you.
The gnoll sergeant attacks as it pursues you!
The gnoll sergeant barely misses you.
The gnoll sergeant attacks as it pursues you!
The gnoll sergeant hits you from afar with a +0 spear!
Found 4 stones.
The gnoll sergeant attacks as it pursues you!
The gnoll sergeant hits you from afar with a +0 spear.
The gnoll sergeant attacks as it pursues you!
The gnoll sergeant completely misses you.
The gnoll sergeant attacks as it pursues you!
The gnoll sergeant misses you.
The gnoll sergeant attacks as it pursues you!
The gnoll sergeant hits you from afar with a +0 spear!
* * * LOW HITPOINT WARNING * * *
The gnoll sergeant attacks as it pursues you!
The gnoll sergeant hits you from afar with a +0 spear!
* * * LOW HITPOINT WARNING * * *
The gnoll sergeant attacks as it pursues you!
The gnoll sergeant hits you from afar with a +0 spear!
* * * LOW HITPOINT WARNING * * *
The gnoll sergeant attacks as it pursues you!
The gnoll sergeant hits you from afar with a +0 spear!
You die...

#############
########............
#....."....#.....###
#..........#.#......
#..........#.#......
#............#..<...
#....Y.g...###......
##...###g.g......... #...#
#.###@....... #...#
#.#<#....#### #.#### . #..g#
#.#.#.#..# #..... .#####.g.#
#.#...#..# #########.
...(##.Y.###.#####..#
#.........
.................#..#
#.######.#
..............##.#..# #.# ##.#
###...........##.#..####.##
#...
#......=....##.#........####.#.


You could see a yak, a gnoll sergeant and 2 gnolls.

Vanquished Creatures
  Prince Ribbit (D:5)
  A steam dragon (D:8)
  A sky beast (D:7)
  An orc warrior (D:7)
  2 black bears (D:6)
  2 ice beasts
  2 ogres
  A centaur (D:7)
  A phantom (D:6)
  3 kobold brigands
  Blork the orc (D:6)
  2 bullfrogs
  2 scorpions
  3 wights (D:8)
  4 hounds
  A bombardier beetle (D:4)
  2 orc priests
  2 iguanas
  2 jellies (D:6)
  Crazy Yiuf (D:6)
  2 sleepcaps
  Natasha (thrice) (D:3)
  An orc wizard (D:8)
  10 gnolls
  6 adders
  A river rat (D:8)
  3 white imps
  A dart slug (D:4)
  3 ribbon worms
  6 orcs
  4 ball pythons
  8 endoplasms
  3 giant cockroaches
  6 goblins
  7 hobgoblins
  5 quokkas
  5 bats
  2 frilled lizards (D:2)
  17 kobolds
  3 rats
131 creatures vanquished.

Notes
Turn   | Place    | Note
-------+----------+-------------------------------------------
     0 | D:1      | Biggs the Coglin Hunter began the quest for the Orb.
     0 | D:1      | Reached XP level 1. HP: 16/16 MP: 1/1
   175 | D:1      | Reached skill level 4 in Ranged Weapons
   175 | D:1      | Reached XP level 2. HP: 22/22 MP: 2/2
   618 | D:1      | Reached XP level 3. HP: 27/27 MP: 3/3
   713 | D:2      | Found a faded altar of an unknown god.
   774 | D:2      | Found a hide-covered altar of Uskayaw.
  1245 | D:3      | Reached skill level 5 in Ranged Weapons
  1245 | D:3      | Reached XP level 4. HP: 33/33 MP: 4/4
  1454 | D:3      | Noticed Natasha
  1460 | D:3      | Killed Natasha
  1581 | D:3      | Noticed Natasha
  1585 | D:3      | Killed Natasha
  1586 | D:3      | Reached XP level 5. HP: 38/38 MP: 5/5
  1634 | D:3      | Found Bolo's Distillery.
  1642 | D:3      | Bought a potion of curing for 36 gold pieces
  1642 | D:3      | Bought a potion of curing for 36 gold pieces
  1824 | D:3      | Noticed Natasha
  1828 | D:3      | Killed Natasha
  2144 | D:4      | Reached skill level 6 in Ranged Weapons
  2201 | D:4      | Noticed an ogre
  2208 | D:4      | Killed an ogre
  2209 | D:4      | Reached XP level 6. HP: 44/44 MP: 6/6
  2426 | D:4      | Reached skill level 7 in Ranged Weapons
  2825 | D:5      | Entered Level 5 of the Dungeon
  2826 | D:5      | Noticed an ice beast
  2835 | D:5      | Killed an ice beast
  2836 | D:5      | Reached XP level 7. HP: 36/50 MP: 7/7
  2998 | D:5      | Noticed Prince Ribbit
  3179 | D:5      | Found an opulent altar of Gozag.
  3208 | D:5      | Reached skill level 8 in Ranged Weapons
  3265 | D:5      | Killed Prince Ribbit
  3993 | D:6      | Reached skill level 9 in Ranged Weapons
  3993 | D:6      | Reached XP level 8. HP: 51/56 MP: 8/8
  4041 | D:6      | Found a staircase to the Ecumenical Temple.
  4068 | Temple   | Entered the Ecumenical Temple
  4081 | Temple   | Became a worshipper of Warmaster Okawaru
  4210 | D:6      | Reached skill level 5 in Fighting
  4339 | D:6      | Found a blossoming altar of Fedhas.
  4498 | D:6      | Noticed Blork the orc
  4506 | D:6      | Killed Blork the orc
  4622 | D:6      | Found a runed translucent door.
  4623 | D:6      | Noticed Crazy Yiuf
  4631 | D:6      | Killed Crazy Yiuf
  4631 | D:6      | Reached * piety under Okawaru
  4792 | D:7      | Reached XP level 9. HP: 26/68 MP: 9/9
  4949 | D:7      | Reached skill level 5 in Dodging
  5942 | D:8      | HP: 1/68 [gnoll sergeant/+0 spear (12)]
  5945 | D:8      | Mangled by a gnoll sergeant

Illustrated notes

Levels and vault maps discovered:
D:1:      orjb1_clovarrival, layout_basic
D:2:      layout_rooms, shapermc_ecumenical_altar_venn, basic_altar,
          grunt_ministairs_15
D:3:      layout_basic, serial_shops, shop, corner_web_ring,
          mrwooster_statue_mirror, uniq_natasha
D:4:      layout_basic
D:5:      layout_basic, nicolae_gozag_cash_rules_everything_around_me,
          kennysheep_generic_room_11, uniq_prince_ribbit1
D:6:      layout_rooms, mainiacjoe_overflow_catwalk,
          minmay_temple_entry_slanted, uniq_crazy_yiuf_cottage,
          uniq_blork_the_orc
D:7:      layout_cave_pools
D:8:      layout_basic, dpeg_lair_monsters, nrook_campfire
Temple:   compressed_dpeg_triangle_lava_temple

Skill      XL: |  1  2  3  4  5  6  7  8  9 |
---------------+----------------------------+-----
Ranged Weapons | 4 5 6 7 9 |  9.0
Fighting       | 5 |  5.0
Dodging        | 4 7 |  7.5
Stealth        | |  0.7

Action                     |  1- 3 |  4- 6 |  7- 9 || total
---------------------------+-------+-------+-------++-------
   Fire: Sling             |   176 |   182 |   462 ||   820
    Use: Scroll            |       |       |     1 ||     1
 Armour: Leather armour    |     9 |    17 |    74 ||   100
  Dodge: Dodged            |    12 |    16 |    81 ||   109

Table legend: (Time is in decaauts)
 A = Elapsed time spent in this place.
 B = Non-inter-level travel time spent in this place.
 C = Inter-level travel time spent in this place.
 D = Time resting spent in this place.
 E = Time spent auto-exploring this place.
 F = Levels seen in this place.
 G = Mean time per level.
                   A        B        C        D        E       F      G
               +--------+--------+--------+--------+--------+-----+--------+
         Total |   6001 |   5785 |    216 |     55 |   4928 |   9 |  666.8 |
       Dungeon |   5974 |   5782 |    192 |     55 |   4928 |   8 |  746.8 |
        Temple |     26 |      2 |     24 |      0 |      0 |   1 |   26.0 |
               +--------+--------+--------+--------+--------+-----+--------+

Top non-repeatable levels by time:
     D:5: 1165 daAuts
     D:3: 869 daAuts
     D:4: 777 daAuts
     D:7: 766 daAuts
     D:6: 744 daAuts
     D:1: 729 daAuts
     D:2: 494 daAuts
     D:8: 429 daAuts
  Temple: 26 daAuts
